 Dungeon Crawl Stone Soup version 0.26.0-10-g1f06aea511 (webtiles) character file.

Game seed: 5256256270258095002

1750 EnegeticOcto the Cleaver (level 8, -3/68 HPs)
             Began as a Deep Dwarf Delver on Jan 14, 2021.
             Was a Follower of Makhleb.
             Slain by a two-headed ogre
             ... wielding a +0 giant spiked club
              (15 damage)
             ... on level 10 of the Dungeon.
             The game lasted 00:07:51 (1302 turns).

EnegeticOcto the Cleaver (Deep Dwarf Delver)        Turns: 1302, Time: 00:07:52

Health: -3/68      AC: 12    Str: 19    XL:     8   Next: 78%
Magic:  7/7        EV:  6    Int: 10    God:    Makhleb [*.....]
Gold:   212        SH:  0    Dex: 14    Spells: 7/7 levels left

rFire    . . .     SeeInvis .   x - +0 battleaxe
rCold    . . .     Faith    .   (shield currently unavailable)
rNeg     . . .     Spirit   .   y - +1 plate armour
rPois    .         Reflect  .   (no helmet)
rElec    .         Harm     .   B - +0 cloak
rCorr    .         Rampage  .   (no gloves)
Will     +....                  (no boots)
Stlth    ..........             (no amulet)
HPRegen  0.00/turn              (no ring)
MPRegen  0.10/turn              (no ring)

@: lethally poisoned (-3 -> -3), non-regenerating
A: damage resistance, heal wounds, sense surroundings 1, no regeneration
a: Heal Wounds, Renounce Religion


You were on level 10 of the Dungeon.
You worshipped Makhleb.
Makhleb was aware of your devotion.
You visited 2 branches of the dungeon, and saw 8 of its levels.
You also visited: Ossuary.

You collected 212 gold pieces.

Inventory:

Hand Weapons
 a - a +0 vorpal hand axe
 d - a +0 flail of protection
 h - a +0 dire flail
 w - the +9 dagger "Nusch" {vorpal, MP-9 Str+3 Dex+2}
   (You found it on level 7 of the Dungeon)

   It inflicts extra damage upon your enemies.
   It affects your strength (+3).
   It affects your dexterity (+2).
   It affects your magic capacity (-9).
 x - a +0 battleaxe (weapon)
Armour
 b - a +0 leather armour
 v - a +0 chain mail
 y - a +1 plate armour (worn)
 B - a +0 cloak (worn)
Wands
 g - a wand of digging (7) {@v3}
 j - a wand of polymorph (11)
 r - a wand of acid (5) {@v1}
Scrolls
 c - 2 scrolls of fog
 e - a scroll of fear
 n - 3 scrolls of random uselessness
 o - 2 scrolls of enchant armour
 q - a scroll of immolation
 u - a scroll of magic mapping {@r5}
Potions
 f - a potion of haste {@q4}
 i - 2 potions of mutation
 k - 6 potions of degeneration
 l - a potion of berserk rage {unknown}
 m - 2 potions of flight {unknown}
 p - a potion of lignification {unknown}
 s - a potion of curing {unknown}
 t - a potion of heal wounds {unknown}
 z - a potion of ambrosia {unknown}
 A - a potion of attraction {unknown}


   Skills:
 - Level 2.6 Fighting
 * Level 10.4 Axes
 - Level 2.1 Dodging
 - Level 6.0 Stealth
 + Level 8.1 Invocations


You had 7 spell levels left.
You didn't know any spells.
Your spell library was empty.

Dungeon Overview and Level Annotations

Branches:
Dungeon (10/15)            Temple (1/1) D:5         Ossuary (visited)
   Lair: D:8-11         Orc: D:9-12

Altars:
Ashenzari
Cheibriados
Dithmenos
Elyvilon
Hepliaklqana
Kikubaaqudgha
Makhleb
Okawaru
Qazlal
Sif Muna
Trog
Uskayaw
Vehumet
Wu Jian
Yredelemnul
Zin

Shops:
D:4 :


Innate Abilities, Weirdness & Mutations

You are resistant to damage.
You can heal yourself by infusing magical energy.
You passively map a small area around you.
You do not regenerate.


Message History

You slash Maurice!
Maurice is heavily wounded.
Maurice bites you. Maurice bites you but does no damage.
You slash Maurice!
Maurice is severely wounded.
Maurice barely misses you.
You barely miss Maurice.
Maurice is severely wounded.
Maurice bites you!
* * * LOW HITPOINT WARNING * * *
Maurice bites you but does no damage.
You barely miss Maurice.
Maurice is severely wounded.
Maurice bites you!
* * * LOW HITPOINT WARNING * * *
Maurice bites you but does no damage.
You feel much better. Maurice bites you! Maurice bites you.
* * * LOW HITPOINT WARNING * * *
You barely miss Maurice.
Maurice is severely wounded.
Maurice bites you!
* * * LOW HITPOINT WARNING * * *
You slash Maurice!
You kill Maurice!
Makhleb accepts your kill.
Your Axes skill increases to level 10!
Your Invocations skill increases to level 8!
You slash the ice beast!
The ice beast is moderately wounded.
The ice beast barely misses you.
Your plate armour prevents you from hitting the ice beast.
The ice beast is moderately wounded.
The ice beast barely misses you. The ice beast hits you.
* * * LOW HITPOINT WARNING * * *
The ice beast freezes you!
* * * LOW HITPOINT WARNING * * *
You slice the ice beast!!
You kill the ice beast!
Makhleb accepts your kill.
Found a robe.
r - a wand of acid (7) {@v1};
z - a lumpy inky potion You now have 197 gold pieces (gained 14).
Things that are here:
a +1 dagger of draining; a +0 cloak You feel much better.
You start putting on your armour.
You continue putting on your +0 cloak.
Magic restored.
You continue putting on your +0 cloak. x3
You finish putting on your +0 cloak.
Found a scroll of noise.
Found a scroll of enchant armour.
Found 15 gold pieces.
o - 2 scrolls of enchant armour (gained 1)
You now have 212 gold pieces (gained 15).
There is a stone staircase leading down here.
You climb downwards.
Found a plate armour.
There is a stone staircase leading up here.
Your magical essence is drained by the effort!
You feel much better.
Found a sedimented golden potion.
Found 2 ruby potions.
A two-headed ogre comes into view.
It is wielding two +0 giant spiked clubs.
The two-headed ogre shouts in stereo!
You hear an angry hiss.
An adder comes into view.
The adder hisses angrily.
An orc comes into view. It is wielding a +0 flail.
An orc wizard comes into view. It is wielding a +0 dagger.
An orc comes into view. It is wielding a +0 trident.
Evoke which item? (* to show all) (? for menu, Esc to quit)
Aiming: Corrosive Bolt
Press: ? - help, Shift-Dir - straight line, f - two-headed ogre
Aim: a two-headed ogre, wielding two +0 giant spiked clubs (14% to evade)
The bolt of acid hits the two-headed ogre!
The two-headed ogre is splashed with acid!
The acid corrodes the two-headed ogre!
The two-headed ogre is moderately wounded.
The orc shouts! x2; The orc wizard shouts!
An orc comes into view. It is wielding a +0 trident.
Evoke which item? (* to show all) (? for menu, Esc to quit)
Aiming: Corrosive Bolt
Press: ? - help, Shift-Dir - straight line, f/p - two-headed ogre
Aim: a two-headed ogre, wielding two +0 giant spiked clubs (moderately wounded, covered in acid, 14% to evade)
The bolt of acid misses the two-headed ogre.
The orc shouts!
You slash the two-headed ogre!
The two-headed ogre is heavily wounded.
You closely miss the adder.
The two-headed ogre hits you with a +0 giant spiked club! x2
* * * LOW HITPOINT WARNING * * *
The adder closely misses you.
An orc wizard comes into view. It is wielding a +0 dagger of draining.
An orc wizard comes into view. It is wielding a +0 dagger.
You hit the two-headed ogre.
The two-headed ogre is heavily wounded.
You closely miss the adder. The adder bites you.
You are poisoned.
The adder poisons you!
The two-headed ogre hits you with a +0 giant spiked club!
You die... *, * , oo...#.. , * ,, .....#. * , oo...

,* , , ....#####.
* , #oo!...... ,
* #......... ,* *
* , #.*
#OS....... , #.*
#@........ ,
#.####.........,
*
,,#..............
, ,
#.....[........,
,
#.......#######*
, , , #.......# *
#.......# ,
#.......# ,
#.......#


You could see a two-headed ogre (corroded), 3 orc wizards, an adder and 3 orcs.

Vanquished Creatures
  2 wyverns
  2 orc warriors (D:7)
  3 ice beasts
  2 necrophages (D:7)
  2 ogres
  Blork the orc (D:4)
  A bullfrog (D:8)
  2 scorpions
  2 howler monkeys (D:7)
  A jelly (D:7)
  2 centaur zombies
  An orc priest (D:6)
  An orc wizard (D:7)
  A worker ant (D:7)
  2 killer bee zombies
  5 mummies (Ossuary)
  A worker ant zombie (D:5)
  3 adders
  A shadow imp (D:9)
  A white imp (D:9)
  An adder skeleton (D:4)
  3 leopard geckos
  8 orcs
  A ball python (D:4)
  A jackal zombie (D:4)
  An orc zombie (Ossuary)
51 creatures vanquished.

Vanquished Creatures (others)
  A human (D:7)
1 creature vanquished.

Grand Total: 52 creatures vanquished

Notes
Turn   | Place    | Note
-------+----------+-------------------------------------------
     0 | D:5      | EnegeticOcto the Deep Dwarf Delver began the quest for the
                  | Orb.
     0 | D:5      | Reached XP level 1. HP: 20/20 MP: 1/1
    18 | D:5      | Found a staircase to the Ecumenical Temple.
    25 | Temple   | Entered the Ecumenical Temple
    35 | Temple   | Reached skill level 3 in Axes
    35 | Temple   | Reached XP level 2. HP: 24/27 MP: 2/2
   123 | Temple   | Became a worshipper of Makhleb the Destroyer
   229 | D:4      | Found Baliphuv's Book Emporium.
   241 | D:4      | Noticed Blork the orc
   242 | D:4      | Found a sand-covered staircase.
   247 | D:4      | Reached XP level 3. HP: 17/33 MP: 3/3
   258 | D:4      | Killed Blork the orc
   259 | D:4      | Reached skill level 4 in Axes
   259 | D:4      | Reached XP level 4. HP: 29/40 MP: 2/4
   269 | Ossuary  | Entered an ossuary
   354 | Ossuary  | Reached skill level 5 in Axes
   387 | Ossuary  | Reached XP level 5. HP: 36/46 MP: 4/6
   556 | D:6      | Reached skill level 6 in Axes
   560 | D:6      | Reached XP level 6. HP: 27/55 MP: 5/5
   577 | D:5      | Found a basalt altar of Yredelemnul.
   819 | D:6      | Reached skill level 7 in Axes
   839 | D:7      | Reached skill level 5 in Invocations
   839 | D:7      | Reached XP level 7. HP: 33/61 MP: 7/7
   880 | D:7      | HP: 1/60 [orc warrior/+0 halberd (24)]
   906 | D:7      | Got a scorched dagger
   906 | D:7      | Identified the +9 dagger "Nusch" {vorpal, MP-9 Str+3 Dex+2}
                  | (You found it on level 7 of the Dungeon)
   931 | D:7      | Reached skill level 8 in Axes
   973 | D:7      | Reached * piety under Makhleb
   985 | D:7      | Reached XP level 8. HP: 58/66 MP: 9/9
  1004 | D:7      | Reached skill level 9 in Axes
  1064 | D:7      | Found an ancient bone altar of Kikubaaqudgha.
  1113 | D:8      | Identified the +2 troll leather armour of the Fife {-Cast
                  | +Blink +Fly Regen+ Str+2} (You found it on level 8 of the
                  | Dungeon)
  1198 | D:8      | HP: 3/68 [bullfrog (5)]
  1230 | D:9      | Noticed Maurice
  1234 | D:9      | Noticed Maurice
  1234 | D:9      | Maurice changed into Maurice the wyvern
  1243 | D:9      | Killed Maurice the wyvern
  1244 | D:9      | Reached skill level 10 in Axes
  1287 | D:10     | Entered Level 10 of the Dungeon
  1296 | D:10     | Noticed a two-headed ogre
  1302 | D:10     | Slain by a two-headed ogre

Illustrated notes

Levels and vault maps discovered:
D:4:      layout_basic, serial_shops, kennysheep_little_box, enter_ossuary_3,
          uniq_grinder, uniq_menkaure, uniq_blork_the_orc
D:5:      layout_gridville, yredelemnul_altar_generic,
          minmay_temple_entry_arrows, basic_altar
D:6:      layout_basic, nicolae_overflow_hidden_temple, serial_shops,
          shop_fountains, minmay_manual_mandibuliform
D:7:      layout_basic, gammafunk_ghost_hive, serial_shops, shop, shop,
          tgw_kikubaaqudgha
D:8:      layout_rooms, tso_altar, grunt_temple_overflow_open, xom_teletrap_fun,
          nicolae_straight_to_the_point, uniq_psyche
D:9:      layout_basic, chequers_big_river, uniq_maurice
D:10:     layout_basic, erik_lair_island, minmay_another_anthill
Temple:   regret_index_temple_generic_petals

Skill      XL: |  1  2  3  4  5  6  7  8 |
---------------+-------------------------+-----
Axes           | 3 4 5 6 7 8 10 | 10.4
Invocations    | 2 3 5 6 8 |  8.1
Fighting       | |  2.6
Dodging        | |  2.1
Stealth        | |  6.0

Action                   |  1- 3 |  4- 6 |  7- 9 || total
-------------------------+-------+-------+-------++-------
Melee: Hand axe          |    26 |    49 |    75 ||   150
       Flail             |    17 |       |       ||    17
       Dire flail        |       |    38 |    38 ||    76
       Battleaxe         |       |       |    47 ||    47
       Dagger            |       |       |     9 ||     9
 Abil: Heal Wounds       |     1 |     5 |    27 ||    33
Evoke: Wand              |       |       |     4 ||     4
  Use: Scroll            |     1 |     7 |     2 ||    10
 Stab: Sleeping          |       |     3 |       ||     3
Armor: Leather armour    |    10 |     8 |     1 ||    19
       Chain mail        |       |       |    31 ||    31
       Plate armour      |       |       |    56 ||    56
Dodge: Dodged            |    32 |    51 |    78 ||   161
